 Dungeon Crawl Stone Soup version 0.29-a0-284-gf9362112df (webtiles) character file.

Game seed: 16700310979256385935

5604 spaghetti the Blocker (level 11, -1/84 HPs)
             Began as a Djinni Fighter on Mar 26, 2022.
             Was a Follower of Uskayaw.
             Slain by a two-headed ogre
             ... wielding a +0 great mace
              (14 damage)
             ... on level 9 of the Dungeon.
             The game lasted 00:17:44 (13338 turns).

spaghetti the Blocker (Djinni Fighter)             Turns: 13338, Time: 00:17:45

Health: -1/84      AC: 15    Str: 21    XL:     11   Next: 3%
Gold:   630        EV:  9    Int: 10    God:    Uskayaw [*.....] SH: 11 Dex: 13

rFire   + + .      SeeInvis .   m - +2 short sword (venom) {short}
rCold   x . .      Faith    .   b - +0 buckler
rNeg    . . .      Spirit   .   a - +0 scale mail
rPois   ∞          Reflect  +   j - +0 helmet
rElec   .          Harm     .   u - scarf {shadows}
rCorr   .          Rampage  .   i - +2 pair of gloves
Will    +....                   (boots unavailable)
Stlth   ..........              v - amulet of reflection
HPRegen 0.24/turn               k - +4 ring of protection
MPRegen 0.00/turn               (no ring)

@: flying
A: sickness immunity, fire resistance 2, cold vulnerability 1, float, innate
caster, HP casting, extra vitality 1, strong 1
a: Renounce Religion, Stomp


You were on level 9 of the Dungeon.
You worshipped Uskayaw.
Uskayaw was noncommittal.
You visited 1 branch of the dungeon, and saw 9 of its levels.
You also visited: Ossuary.

You collected 630 gold pieces.


Innate Abilities, Weirdness & Mutations

You are immune to sickness and miasma.
You are immune to poison.
Your flesh is very heat resistant. (rF++)
You are vulnerable to cold. (rC-)
You float through the air rather than walking.
You learn spells naturally, not from books.
Your magical power is your life essence.
You have superior vitality. (+4 MHP)
Your muscles are strong. (Str +2)


   Skills:
 * Level 9.6 Fighting
 - Level 3.0 Armour
 * Level 9.7 Shields
 + Level 7.2 Unarmed Combat
 + Level 5.5 Invocations


You couldn't memorise any spells.
You knew the following spells:

 Your Spells              Type           Power      Damage    Failure   Level
a - Shock                 Conj/Air       0%         1d3       77%         1
b - Call Imp              Summ           0%         N/A       88%         2
c - Passwall              Tmut/Erth      0%         N/A       88%         2
d - Swiftness             Air            0%         N/A       98%         3
e - Anguish               Hex/Necr       0%         N/A       100%        4
Your spell library was empty.

Inventory:

Hand Weapons
 e - a +0 club {mace}
   (You took it off a goblin on level 1 of the Dungeon)
 f - a +0 short sword {short}
   (You found it on level 1 of the Dungeon)
 g - a +0 dagger {short}
   (You found it on level 1 of the Dungeon)
 h - a +0 club {mace}
   (You took it off a goblin on level 1 of the Dungeon)
 m - a +2 short sword of venom (weapon) {short}
   (You took it off a kobold on level 1 of the Dungeon)
 q - a +5 trident {polearm}
   (You took it off a gnoll sergeant on level 5 of the Dungeon)
 y - a +2 spear of freezing {polearm}
   (You took it off a wight on level 8 of the Dungeon)
Missiles
 c - 5 boomerangs {throwing}
 l - 295 stones (quivered) {throwing}
 x - 7 poisoned darts {throwing}
 B - a throwing net {=f!fthrowing}
Armour
 a - a +0 scale mail (worn)
 b - a +0 buckler (worn)
 i - a +2 pair of gloves (worn)
   (You found it on level 1 of the Dungeon)
 j - a +0 helmet (worn)
   (You found it on level 1 of the Dungeon)
 u - a scarf of shadows (worn)
   (You found it on level 6 of the Dungeon)
Jewellery
 k - a +4 ring of protection (left hand)
   (You found it on level 3 of the Dungeon)
 s - an amulet of regeneration {@e2}
   (You found it on level 6 of the Dungeon)
 v - an amulet of reflection (around neck)
   (You found it on level 4 of the Dungeon)
Wands
 r - a wand of charming (17)
   (You found it on level 3 of the Dungeon)
 F - a wand of iceblast (4)
   (You found it on level 8 of the Dungeon)
 G - a wand of flame (16)
   (You found it on level 8 of the Dungeon)
Scrolls
 n - 3 scrolls of blinking {!r}
 t - a scroll of teleportation {@r4}
 w - 5 scrolls of identify {@r1}
 z - 2 scrolls of immolation {!r!r}
 A - a scroll of holy word
Potions
 o - a potion of magic
 p - 2 potions of curing {@q1}
 C - a potion of mutation {!q}
 D - a potion of attraction {!q}
 E - a potion of might
 H - a potion of flight
 I - a potion of brilliance

Dungeon Overview and Level Annotations

Branches:
Dungeon (9/15)             Temple (0/1) D:6         Ossuary (visited)
   Lair: D:8-11         Orc: D:9-12

Altars:
Cheibriados
Elyvilon
Makhleb
Nemelex Xobeh
Okawaru
Sif Muna
Uskayaw
Wu Jian
Xom

Annotations:
D:3 1 transporter, NotOkHand's ghost, weakling DsGl

#.##########............#
#.##########............#
.)...............>......#
..##########)...........#
........................#
#############...........#
........# #...........#
........# #...........#
........# #..O@.......#
........# ##...........#
........# #.(........_.#
........# #(###...#....#
........# #.# ##..##.###
........# #.# #..##.#
........# #.# ##..#.#
........# #.# #..#.#
........####.# #..#.#


You could see a two-headed ogre (very poisoned).


Message History

You are too injured to fight recklessly!
You are too injured to fight recklessly!
You are too injured to fight recklessly!
You are too injured to fight recklessly!
You are too injured to fight recklessly!
You are too injured to fight recklessly!
You are too injured to fight recklessly!
You are too injured to fight recklessly!
You are too injured to fight recklessly!
You are too injured to fight recklessly!
You are too injured to fight recklessly!
You are too injured to fight recklessly!
You are too injured to fight recklessly!
You are too injured to fight recklessly!
You are too injured to fight recklessly!
You are too injured to fight recklessly!
You are too injured to fight recklessly!
You are too injured to fight recklessly!
You are too injured to fight recklessly!
Unknown command.
You completely miss Grum. Grum barely misses you.
You hit Grum.
Grum looks as sick as possible!
Grum misses you. 😕 HP[+1]
You closely miss Grum. Grum hits you but does no damage.
You hit Grum. Grum barely misses you.
You hit Grum but do no damage.
Grum looks as sick as possible!
Grum hits you with a -2 spear. 😕 HP[-5]
You take 5 damage, and now have 65/84 hp.
You hit Grum but do no damage. Grum hits you with a -2 spear!
You block Grum's attack. 😮 HP[-9]
You take 9 damage, and now have 56/84 hp.
You closely miss Grum.
You kill Grum!
I - a potion of brilliance
Things that are here:
a -2 spear {polearm}; a +0 animal skin 😮 HP[+1]
You start resting.
A two-headed ogre comes into view.
It is wielding a +0 great mace and a +0 giant club. 😕 HP[+18]
You regained 18 hp, and now have 75/84 hp.
A two-headed ogre is nearby!
A two-headed ogre is nearby!
A two-headed ogre is nearby!
A two-headed ogre is nearby!
The two-headed ogre shouts in stereo!
The two-headed ogre hits you with a +0 great mace!
The two-headed ogre closely misses you. 😕 HP[-8]
You take 8 damage, and now have 67/84 hp.
You hit the two-headed ogre but do no damage. 😕 HP[+1]
You hit the two-headed ogre but do no damage.
The two-headed ogre is poisoned.
The two-headed ogre barely misses you.
The two-headed ogre hits you but does no damage.
You hit the two-headed ogre.
The two-headed ogre looks as sick as possible!
The two-headed ogre hits you with a +0 great mace!!
The two-headed ogre hits you with a +0 giant club!
* * * LOW HITPOINT WARNING * * *
😨 HP[-35]
You take 35 damage, and now have 33/84 hp.
MASSIVE DAMAGE!! (PAUSE)
You hit the two-headed ogre.
The two-headed ogre looks as sick as possible!
The two-headed ogre hits you with a +0 great mace!
* * * LOW HITPOINT WARNING * * *
The two-headed ogre hits you with a +0 giant club!
* * * LOW HITPOINT WARNING * * *
😱 HP[-27]
You take 27 damage, and now have 6/84 hp.
MASSIVE DAMAGE!! (PAUSE)
As you read the scroll of fear, it crumbles to dust.
You assume a fearsome visage.
The two-headed ogre looks frightened! 😱 HP[+1] 😱 HP[+1] 😱 HP[+1] 😱 HP[+1] 😱 HP[+1]
You start resting.
A two-headed ogre is nearby! 😱 HP[+2]
You regained 2 hp, and now have 13/84 hp.
Throw: 9 darts (poison) {throwing}
Press: ? - help, Shift-Dir - straight line, f - two-headed ogre
Aim: a two-headed ogre, wielding a +0 great mace and a +0 giant club (heavily wounded, poisoned, 76% to hit)
You throw a poisoned dart {throwing}.
The poisoned dart {throwing} hits the two-headed ogre.
The two-headed ogre looks even sicker.
Throw: 8 darts (poison) {throwing}
Press: ? - help, Shift-Dir - straight line, f/p - two-headed ogre
Aim: a two-headed ogre, wielding a +0 great mace and a +0 giant club (heavily wounded, very poisoned, 76% to hit)
You throw a poisoned dart {throwing}.
The poisoned dart {throwing} hits the two-headed ogre.
The two-headed ogre looks even sicker.
The two-headed ogre attacks as you move away!
The two-headed ogre hits you with a +0 great mace!
You die...

Skill      XL: |  1  2  3  4  5  6  7  8  9 10 |
---------------+-------------------------------+-----
Unarmed Combat | 3 4 5 6 7 |  7.2
Fighting       | 4 5 6 8 9 |  9.6
Shields        | 4 5 6 8 9 |  9.7
Invocations    | 1 2 4 5 |  5.5
Armour         | |  3.0

Action                   |  1- 3 |  4- 6 |  7- 9 | 10-12 || total
-------------------------+-------+-------+-------+-------++-------
Melee: Unarmed           |    98 |       |       |       ||    98
       Short sword       |    10 |    81 |   592 |   360 ||  1043
Throw: Stone             |    24 |     5 |     1 |       ||    30
       Dart              |       |       |     4 |     2 ||     6
       Boomerang         |       |       |     1 |       ||     1
Invok: Line Pass         |       |       |     3 |     5 ||     8
  Use: Potion            |     1 |     3 |    10 |     1 ||    15
       Scroll            |       |       |     9 |     4 ||    13
 Stab: Paralysed         |       |       |     4 |     1 ||     5
Armor: Scale mail        |    36 |    43 |   306 |   176 ||   561
       Skin              |       |     4 |     1 |       ||     5
Dodge: Dodged            |    28 |    48 |   239 |   150 ||   465
Block: Buckler           |    16 |    28 |   273 |   244 ||   561
       Reflection        |       |       |     2 |     3 ||     5

Levels and vault maps discovered:
D:1:      ncdulo_lavacross, layout_basic, hangedman_decor_push,
          minmay_misc_feat_nine_boxes, minmay_misc_feat_enclosed, hex_medium,
          dk_noncrumbling_4
D:2:      layout_rooms, minmay_misc_feat_pillars, uniq_natasha, uniq_sigmund
D:3:      layout_loops_ring, gammafunk_ghost_mausoleum,
          dilly_ecumenical_altar_fadedgnrine
D:4:      layout_basic, nzn_wu_jian_contemplation, tgw_sif,
          lightli_ossuary_entry_decrepit_ruins
D:5:      layout_rooms, uniq_grinder
D:6:      layout_basic, minmay_temple_entry_waves, kennysheep_generic_room_3
D:7:      layout_basic, cheibriados_altar_1, mainiacjoe_overflow_paths,
          mainiacjoe_overflow_catwalk_spiral, nicolae_overflow_hidden_temple
D:8:      kennysheep_ambush_hall, layout_cave_pods, grunt_ministairs_10
D:9:      layout_basic, brannock_xom_greatest_gift, uniq_grum

Notes
Turn   | Place    | Note
-------+----------+-------------------------------------------
     0 | D:1      | spaghetti the Djinni Fighter began the quest for the Orb.
     0 | D:1      | Reached XP level 1. HP: 20/20 MP: 0/0
     0 | D:1      | magus.rc [v1.9.6]
   137 | D:1      | Reached XP level 2. HP: 25/25 MP: 0/0
   445 | D:1      | Reached skill level 3 in Unarmed Combat
   919 | D:1      | Reached XP level 3. HP: 30/30 MP: 0/0
   919 | D:1      | Learned a level 1 spell: Shock
  1797 | D:2      | Noticed Sigmund
  1805 | D:2      | Killed Sigmund
  1806 | D:2      | Reached skill level 4 in Fighting
  1806 | D:2      | Reached skill level 4 in Shields
  1806 | D:2      | Reached XP level 4. HP: 29/37 MP: 0/0
  1806 | D:2      | Reached XP level 5. HP: 32/41 MP: 0/0
  1806 | D:2      | Learned a level 2 spell: Call Imp
  1806 | D:2      | Reached XP level 6. HP: 37/47 MP: 0/0
  1923 | D:2      | Noticed Natasha
  1934 | D:2      | Killed Natasha
  1940 | D:2      | Noticed Natasha
  1950 | D:2      | Killed Natasha
  1951 | D:2      | Reached skill level 4 in Unarmed Combat
  2040 | D:2      | Noticed Natasha
  2049 | D:2      | Killed Natasha
  2556 | D:3      | Gained mutation: Your muscles are strong. (Str +2) [potion
                  | of mutation]
  2568 | D:3      | HP: 17/72 [orc priest/+0 club (3)]
  2570 | D:3      | Reached XP level 7. HP: 19/53 MP: 0/0
  2570 | D:3      | Learned a level 2 spell: Passwall
  2649 | D:3      | Found a transporter.
  2835 | D:3      | Noticed NotOkHand's ghost (weakling DsGl)
  2910 | D:3      | Reached skill level 5 in Shields
  3169 | D:3      | Found a faded altar of an unknown god.
  3323 | D:3      | Prayed at the altar of an unknown god.
  3323 | D:3      | Became a worshipper of Uskayaw the Reveller
  3323 | D:3      | Reached * piety under Uskayaw
  3608 | D:4      | Reached skill level 5 in Fighting
  3638 | D:4      | Reached ** piety under Uskayaw
  3641 | D:4      | Reached *** piety under Uskayaw
  3646 | D:4      | Reached **** piety under Uskayaw
  3933 | D:4      | Noticed Blork the orc
  3946 | D:4      | Killed Blork the orc
  3947 | D:4      | Reached skill level 1 in Invocations
  4045 | D:4      | Found a sand-covered staircase.
  4049 | Ossuary  | Entered an ossuary
  4269 | Ossuary  | Reached XP level 8. HP: 46/60 MP: 0/0
  4538 | D:4      | Reached skill level 6 in Shields
  4652 | D:4      | Found an ornate altar of the Wu Jian Council.
  4835 | D:5      | Entered Level 5 of the Dungeon
  4847 | D:5      | Noticed a wraith
  4871 | D:5      | Killed a wraith
  4872 | D:5      | Reached skill level 6 in Fighting
  4872 | D:5      | Reached skill level 5 in Unarmed Combat
  4872 | D:5      | Reached skill level 2 in Invocations
  5122 | D:5      | HP: 3/62 [gnoll sergeant/+5 trident (11)]
  5377 | D:5      | HP: 9/62 [centaur (3)]
  5386 | D:5      | Reached XP level 9. HP: 42/67 MP: 0/0
  5386 | D:5      | Learned a level 3 spell: Swiftness
  5843 | D:5      | Noticed Grinder
  5844 | D:5      | Paralysed by Grinder for 5 turns
  5876 | D:5      | Paralysed by Grinder for 2 turns
  5918 | D:5      | Killed Grinder
  5919 | D:5      | Reached skill level 7 in Fighting
  5919 | D:5      | Reached skill level 7 in Shields
  5919 | D:5      | Reached skill level 3 in Invocations
  6183 | D:6      | Found a staircase to the Ecumenical Temple.
  7598 | D:7      | Found a white marble altar of Elyvilon.
  7721 | D:7      | Reached skill level 6 in Unarmed Combat
  7764 | D:7      | Found a snail-covered altar of Cheibriados.
  7778 | D:7      | Reached skill level 8 in Shields
  7850 | D:7      | Found a sparkling altar of Nemelex Xobeh.
  7857 | D:7      | Found an iron altar of Okawaru.
  7872 | D:7      | Reached skill level 4 in Invocations
  7912 | D:7      | Found a burning altar of Makhleb.
  8076 | D:7      | Reached skill level 8 in Fighting
  8507 | D:7      | Reached XP level 10. HP: 76/76 MP: 0/0
  9533 | D:8      | HP: 15/77 [gnoll sergeant/+4 trident of protection (12)]
 10267 | D:8      | HP: 19/77 [wight/+0 short sword (4)]
 10271 | D:8      | Reached skill level 9 in Shields
 11043 | D:9      | Reached skill level 9 in Fighting
 11043 | D:9      | Reached skill level 5 in Invocations
 11180 | D:9      | Found a shimmering altar of Xom.
 11465 | D:8      | HP: 18/78 [orc warrior/+0 war axe (4)]
 12149 | D:9      | Reached skill level 7 in Unarmed Combat
 12900 | D:9      | Noticed Grum
 13076 | D:8      | Reached XP level 11. HP: 52/84 MP: 0/0
 13076 | D:8      | Learned a level 4 spell: Anguish
 13223 | D:9      | Killed Grum
 13301 | D:9      | Noticed a two-headed ogre
 13308 | D:9      | HP: 16/84 [two-headed ogre/+0 great mace (17)]
 13308 | D:9      | HP: 6/84 [two-headed ogre/+0 great mace (10)]
 13338 | D:9      | Slain by a two-headed ogre

Vanquished Creatures
  2 trolls (D:9)
  A hornet (D:7)
  Grinder (D:5)
  Sigmund (D:2)
  2 wraiths
  3 wyverns
  A steam dragon (D:8)
  Grum (D:9)
  A water moccasin (D:8)
  A black bear (D:4)
  3 orc warriors
  A sky beast (D:6)
  2 ice beasts
  4 wolves
  3 centaurs
  3 ogres
  A phantom (D:5)
  A kobold brigand (D:8)
  Blork the orc (D:4)
  A necrophage (D:7)
  3 scorpions
  2 gnoll sergeants
  3 wights (D:8)
  A howler monkey (D:6)
  3 centaur zombies (Ossuary)
  2 hounds
  5 jellies
  6 orc priests
  3 iguanas
  Natasha (thrice) (D:2)
  8 orc wizards
  2 mummies (Ossuary)
  9 adders
  7 gnolls
  A shadow imp (D:7)
  A white imp (D:6)
  An ufetubus (D:5)
  An adder zombie (Ossuary)
  4 dart slugs
  31 orcs
  5 endoplasms
  3 giant cockroaches
  8 hobgoblins
  6 jackals
  3 quokkas
  4 ball pythons
  6 bats
  4 frilled lizards
  4 goblins
  A goblin zombie (Ossuary)
  9 hobgoblin zombies (Ossuary)
  2 jackal zombies (Ossuary)
  12 kobolds
  12 kobold zombies (Ossuary)
  8 orc zombies (Ossuary)
  8 rats
  A rat zombie (Ossuary)
226 creatures vanquished.

Vanquished Creatures (collateral kills)
  3 wights (D:8)
3 creatures vanquished.

Vanquished Creatures (others)
  A sky beast (D:8)
1 creature vanquished.

Grand Total: 230 creatures vanquished

Table legend:
 A = Non-vault XP
 B = Vault XP
 C = Vault XP percentage of total XP
 D = Non-vault monster count
 E = Vault monster count
 F = Vault count percentage of total count
                 A         B        C        D         E       F
            +---------+---------+-------+---------+---------+-------
      Total |    5638 |    2369 |  29.6 |     173 |      57 |  24.8
            +---------+---------+-------+---------+---------+-------
        D:1 |      46 |       0 |   0.0 |      28 |       0 |   0.0
        D:2 |     109 |     260 |  70.5 |      12 |       2 |  14.3
        D:3 |     215 |       0 |   0.0 |      25 |       0 |   0.0
        D:4 |     348 |      90 |  20.5 |      22 |       1 |   4.3
        D:5 |     812 |     262 |  24.4 |      19 |       1 |   5.0
        D:6 |     693 |       0 |   0.0 |      19 |       0 |   0.0
        D:7 |    1103 |     292 |  20.9 |      19 |       1 |   5.0
        D:8 |     856 |     841 |  49.6 |      14 |      10 |  41.7
        D:9 |    1456 |     407 |  21.8 |      15 |       3 |  16.7
    Ossuary |       0 |     217 | 100.0 |       0 |      39 | 100.0
            +---------+---------+-------+---------+---------+-------

Illustrated notes

Table legend:
 A = Kills in this place as a percentage of kills in entire the game.
 B = Kills by you in this place as a percentage of kills by you in the entire game.
 C = Kills by friends in this place as a percentage of kills by friends in the entire game.
 D = Other kills in this place as a percentage of other kills in the entire game.
 E = Experience gained in this place as a percentage of experience gained in the entire game.
 F = Experience gained in this place divided by the number of levels of this place that you have seen.
                   A       B       C       D       E      F
               +-------+-------+-------+-------+-------+----------------------
         Total | 100.0 | 100.0 | 100.0 | 100.0 | 100.0 | 800.7
       Dungeon |  83.0 |  82.5 | 100.0 | 100.0 |  97.3 | 865.6
       Ossuary |  17.0 |  17.5 |   0.0 |   0.0 |   2.7 | 217.0
               +-------+-------+-------+-------+-------+----------------------

Table legend: (Time is in decaauts)
 A = Elapsed time spent in this place.
 B = Non-inter-level travel time spent in this place.
 C = Inter-level travel time spent in this place.
 D = Time resting spent in this place.
 E = Time spent auto-exploring this place.
 F = Levels seen in this place.
 G = Mean time per level.
                   A        B        C        D        E       F      G
               +--------+--------+--------+--------+--------+-----+--------+
         Total |  13522 |  13127 |    395 |   3807 |   7088 |  10 | 1352.2 |
       Dungeon |  13088 |  12693 |    395 |   3807 |   6906 |   9 | 1454.2 |
       Ossuary |    434 |    434 |      0 |      0 |    182 |   1 |  434.0 |
               +--------+--------+--------+--------+--------+-----+--------+

Top non-repeatable levels by time:
     D:8: 2242 daAuts
     D:7: 1850 daAuts
     D:9: 1781 daAuts
     D:1: 1754 daAuts
     D:6: 1473 daAuts
     D:5: 1285 daAuts
     D:3: 1068 daAuts
     D:4: 896 daAuts
     D:2: 736 daAuts
 Ossuary: 434 daAuts
